 Dungeon Crawl Stone Soup version 0.21-a0-401-g0b6bec4 (webtiles) character file.

81 Ijustatesigmund the Sneak (level 4, 0/22 HPs)
             Began as a Spriggan Assassin on Oct 25, 2017.
             Killed from afar by Natasha (10 damage)
             ... with a magic dart
             ... on level 2 of the Dungeon.
             The game lasted 00:07:18 (2103 turns).

Ijustatesigmund the Sneak (Spriggan Assassin)       Turns: 2103, Time: 00:07:20

Health: 0/22       AC:  3    Str:  7    XL:     4   Next: 19%
Magic:  5/5        EV: 18    Int: 13    God:
Gold:   63         SH:  0    Dex: 17    Spells: 3/3 levels left

rFire    . . .     SeeInvis +   a - +2 dagger
rCold    . . .     Gourm    .   (shield restricted)
rNeg     . . .     Faith    .   c - +0 robe
rPois    .         Spirit   .   (helmet restricted)
rElec    .         Reflect  .   j - +0 cloak
rCorr    .         Harm     .   (gloves unavailable)
MR       .....                  (boots unavailable)
Stlth    ++++......             (no amulet)
HPRegen  0.07/turn              (no ring)
MPRegen  0.09/turn              (no ring)

@: very quick
A: unfitting armour, see invisible, herbivore 3, speed 3, slow metabolism 2
a: no special abilities


You were on level 2 of the Dungeon.
You were not hungry.

You visited 1 branch of the dungeon, and saw 3 of its levels.

You collected 63 gold pieces.

Inventory:

Hand Weapons
 a - a +2 dagger (weapon)
 b - a +0 blowgun
 n - a +0 vampiric whip
Missiles
 e - 14 poisoned needles
 f - 2 curare-tipped needles
Armour
 c - a +0 robe (worn)
 d - a +0 cloak
 h - a cursed +0 buckler
 j - a +0 cloak (worn)
Scrolls
 i - a scroll of magic mapping
 l - a scroll of teleportation
 r - a scroll of blinking
 s - 3 scrolls of identify
Potions
 o - 2 potions of flight
 p - a potion of lignification
 t - a potion of might {unknown}
Comestibles
 g - 2 bread rations
 k - a royal jelly
 m - 3 fruits


   Skills:
 - Level 1.5 Fighting
 - Level 3.3 Short Blades
 - Level 2.0 Throwing
 + Level 2.7 Dodging
 + Level 7.4 Stealth


You had 3 spell levels left.
You didn't know any spells.

Dungeon Overview and Level Annotations

Branches:
Dungeon (3/15)

Altars:
Hepliaklqana
Makhleb

Annotations:
D:2 Natasha
D:3 Ijyb; lauthentik's ghost, amateur DrTm


Innate Abilities, Weirdness & Mutations

You are very small and have problems with some larger weapons.
You are too small for most types of armour.
You have supernaturally acute eyesight. (SInv)
You are a herbivore.
You cover ground extremely quickly.
You need consume almost no food.


Message History

You are too injured to fight recklessly!
You are too injured to fight recklessly!
You are too injured to fight recklessly!
You are too injured to fight recklessly!
You are too injured to fight recklessly!
You are too injured to fight recklessly!
Throwing (i - inventory):
q - a tomahawk (quivered)
Press: ? - help, Shift-Dir - straight line, f - goblin
Aim: a goblin, wielding a club (hasn't noticed you)
You throw a tomahawk. The goblin shouts!
The tomahawk hits the goblin!
You kill the goblin!
You hear an angry hiss.
The goblin shoots a stone.
The stone completely misses you.
Natasha howls an incantation.
Natasha shimmers violently.
Natasha stares at you and mumbles some strange words.
The magic dart hits you!
You die...

.## #### ### #...
..#####. ...##...
_....... ......(h
.g.#.#.
.......########+###
g..#
g.................#####
w###.#
#.(.........(+....
.....#
#...........(#####
h###### #............#
.>....# #@.......(...#
....S....
#............#
.......##
#.....†...$.(# #......#
#............# #......#
#............# #......#
############## #......#
#......#


You could see Natasha.

Vanquished Creatures
  3 adders (D:2)
  A dart slug (D:1)
  2 leopard geckos (D:1)
  A giant cockroach (D:1)
  4 goblins
  9 hobgoblins
  5 jackals
  A quokka (D:2)
  6 bats
  5 frilled lizards
  6 kobolds
  6 rats
49 creatures vanquished.

Notes
Turn   | Place    | Note
-------+----------+-------------------------------------------
     0 | D:1      | Ijustatesigmund the Spriggan Assassin began the quest for the Orb.
     0 | D:1      | Reached XP level 1. HP: 10/10 MP: 2/2
    83 | D:1      | Reached skill level 6 in Stealth
   143 | D:1      | Reached XP level 2. HP: 12/14 MP: 3/3
   361 | D:2      | Found a burning altar of Makhleb.
   748 | D:2      | Found a hazy altar of Hepliaklqana.
  1036 | D:1      | Reached XP level 3. HP: 17/18 MP: 4/4
  1420 | D:2      | Reached skill level 7 in Stealth
  1553 | D:2      | Noticed Natasha
  1620 | D:3      | Noticed lauthentik's ghost (amateur DrTm)
  1776 | D:3      | Noticed Ijyb
  1851 | D:3      | Reached XP level 4. HP: 18/22 MP: 5/5
  2103 | D:2      | Killed from afar by Natasha

Vault maps used:
D:1:      dpeg_arrival_three_bigger_balls
D:2:      cheibrodos_old_hovel, nicolae_overflow_crystal_walls,
          overflow_temple_1_default, uniq_natasha
D:3:      minmay_cupped, uniq_ijyb

Skill      XL: |  1  2  3 |
---------------+----------+-----
Stealth        | 6 7 |  7.4
Short Blades   | 3 |  3.3
Dodging        | 2 |  2.7
Fighting       | |  1.5
Throwing       | |  2.0

Action                   |  1- 3 |  4- 6 || total
-------------------------+-------+-------++-------
Melee: Dagger            |   153 |    44 ||   197
Throw: Tomahawk          |     2 |     5 ||     7
  Use: Scroll            |     5 |       ||     5
       Potion            |     1 |     1 ||     2
 Stab: Sleeping          |    12 |       ||    12
Armor: Robe              |    25 |     1 ||    26
       Skin              |     3 |    19 ||    22
Dodge: Dodged            |   100 |     9 ||   109

Table legend:
 A = Spawn XP
 B = Non-spawn XP
 C = Spawn XP percentage of total XP
 D = Spawn monster count
 E = Non-spawn monster count
 F = Spawn count percentage of total count
 G = Total turns spent on level
                    A         B        C        D         E        F      G
               +---------+---------+-------+---------+---------+-------+---------
         Total |       0 |     116 |   0.0 |       0 |      49 |   0.0 |  2103
               +---------+---------+-------+---------+---------+-------+---------
           D:1 |       0 |      45 |   0.0 |       0 |      28 |   0.0 |  1008
           D:2 |       0 |      65 |   0.0 |       0 |      18 |   0.0 |   594
           D:3 |       0 |       6 |   0.0 |       0 |       3 |   0.0 |   501
               +---------+---------+-------+---------+---------+-------+---------
